 Dungeon Crawl Stone Soup version 0.29-a0-409-gd843f3a48c (webtiles) character file.

Game seed: 17318865744054523858

676 runemasterragnar the Slasher (level 7, -3/48 HPs)
             Began as an Octopode Fighter on May 14, 2022.
             Slain by a gnoll
             ... wielding a +0 whip
              (4 damage)
             ... on level 5 of the Dungeon.
             The game lasted 00:08:14 (6571 turns).

runemasterragnar the Slasher (Octopode Fighter)     Turns: 6571, Time: 00:08:14

Health: -3/48      AC:  1    Str: 16    XL:     7   Next: 60%
Magic:  7/7        EV: 13    Int: 12    God:
Gold:   154        SH:  4    Dex: 11    Spells: 6/6 levels left

rFire   . . .      SeeInvis .   a - +0 long sword
rCold   . . .      Faith    .   b - +0 buckler
rNeg    . . .      Spirit   .   (helmet restricted)
rPois   .          Reflect  .   (no amulet)
rElec   .          Harm     .   (no ring)
rCorr   .          Rampage  .   (no ring)
Will    .....                   (no ring)
Stlth   +++.......              (no ring)
HPRegen 0.16/turn               (no ring)
MPRegen 0.10/turn               (no ring)
                                (no ring)
                                (no ring)

@: no status effects
A: almost no armour, amphibious, 8 rings, camouflage 1, gelatinous body 1,
(nimble swimmer 1), tentacles, beak
a: no special abilities


You were on level 5 of the Dungeon.
You visited 2 branches of the dungeon, and saw 6 of its levels.

You collected 154 gold pieces.

Inventory:

Hand Weapons
 a - a +0 long sword (weapon)
 q - a +2 dagger of venom
Armour
 b - a +0 buckler (worn)
 j - an orb of light
Jewellery
 d - an amulet of magic regeneration
 u - a ring of protection from cold
Wands
 l - a wand of iceblast (9)
Scrolls
 e - 2 scrolls of identify
 f - a scroll of noise {unknown}
 h - a scroll of blinking {unknown}
 k - 3 scrolls of teleportation
 m - a scroll of enchant armour {unknown}
 o - a scroll of magic mapping {unknown}
 p - 2 scrolls of vulnerability {unknown}
 r - a scroll of torment {unknown}
 s - a scroll of immolation {unknown}
 t - a scroll of brand weapon {unknown}
Potions
 c - 2 potions of might
 g - a potion of brilliance
 i - a potion of magic


   Skills:
 + Level 4.3 Fighting
 * Level 4.7 Long Blades
 + Level 4.2 Dodging
 + Level 4.0 Stealth
 + Level 4.1 Shields
 + Level 2.6 Unarmed Combat


You had 6 spell levels left.
You didn't know any spells.
Your spell library contained the following spells:

 Spells                   Type           Power      Damage    Failure   Level
 Corpse Rot               Necr/Air       0%         N/A       54%         2
 Dazzling Flash           Conj/Hex       0%         N/A       77%         3
 Dispel Undead            Necr           0%         3d6       99%         4
 Agony                    Necr           0%         N/A       100%        5
 Silence                  Hex/Air        0%         N/A       100%        5
 Summon Forest            Summ/Tloc      0%         N/A       100%        5
 Death Channel            Necr           0%         N/A       100%        6
 Eringya's Noxious Bog    Tmut/Pois      0%         N/A       100%        6
 Summon Hydra             Summ           0%         N/A       100%        7


Dungeon Overview and Level Annotations

Branches:
Dungeon (5/15)             Temple (1/1) D:4

Altars:
Ashenzari
Cheibriados
Dithmenos
Fedhas
Hepliaklqana
Kikubaaqudgha
Makhleb
Nemelex Xobeh
Okawaru
Qazlal
Ru
Sif Muna
Trog
Vehumet
Xom
Yredelemnul
Zin
The Shining One

Shops:
D:2 !

Annotations:
D:3 exclusion: statue


Innate Abilities, Weirdness & Mutations

You cannot wear most types of armour.
You are amphibious.
You can wear up to eight rings at the same time.
Your skin changes colour to match your surroundings (Stealth+).
Your rubbery body absorbs attacks. (AC +1, EV +1)
((You are camouflaged when in or above water. (Stealth+)))
You have tentacles for arms and can constrict up to eight enemies at once.
You have a beak for a mouth.


Message History

You are too injured to fight recklessly!
You are too injured to fight recklessly!
Unknown command.
You slash the gnoll! You grab the gnoll.
The gnoll is heavily wounded.
You constrict the gnoll. The gnoll hits you with a +0 club.
The gnoll barely misses you. The gnoll hits you with a +0 club.
* * * LOW HITPOINT WARNING * * *
You slash the gnoll!
You kill the gnoll!
The gnoll misses you. You block the gnoll's attack.
Things that are here:
a +0 club; a scroll of identify; a gnoll corpse You hit the gnoll.
You grab the gnoll. You peck the gnoll, but do no damage.
The gnoll is moderately wounded.
You constrict the gnoll, but do no damage.
You block the gnoll's attack.
You hit the gnoll.
The gnoll is heavily wounded.
You constrict the gnoll, but do no damage.
The gnoll barely misses you.
You hit the gnoll but do no damage.
The gnoll is heavily wounded.
You constrict the gnoll. You block the gnoll's attack.
The gnoll hits you with a +0 whip.
* * * LOW HITPOINT WARNING * * *
The gnoll barely misses you.
Unknown command.
You hit the gnoll but do no damage.
You tentacle-slap the gnoll, but do no damage.
You squeeze the gnoll.
The gnoll is almost dead.
You constrict the gnoll. The gnoll barely misses you.
The gnoll hits you with a +0 spear!
* * * LOW HITPOINT WARNING * * *
You hit the gnoll.
You kill the gnoll!
The gnoll misses you. The gnoll hits you with a +0 whip.
You die...

≈≈[..≈≈).≈≈≈## #.# #######
≈≈≈≈≈≈≈g≈#≈≈# #.# >.#
≈≈≈≈≈≈≈≈≈≈≈## #.# #..#
#≈≈≈≈≈≈≈#≈.## #.# #..#
≈≈≈≈≈#≈≈≈≈#.# #.# #..#
#≈≈≈≈≈≈≈≈##.# #.#####..#
≈≈≈≈#≈≈.###.# #.##.....#
.≈≈.≈≈##.##.#####g##.##..#
....####.......÷@).g.....######
....# #########..##.##.......##
..### #..##.#...###...## ..#
#..##.....[##.#... .##
####..##.#...###...## .#
#............# ###### .#
#.##..#.###.## #### .###
#.##..#[# #.# #... ...#
#.##..#.###+## #.##


You could see 2 gnolls.

Vanquished Creatures
  An ice beast (D:5)
  An ogre (D:5)
  A gnoll sergeant (D:5)
  A hound (D:5)
  A jelly (D:5)
  An orc priest (D:3)
  Natasha (twice) (D:4)
  An iguana (D:5)
  2 orc wizards (D:5)
  Robin (D:4)
  2 gnolls (D:5)
  6 adders
  A shadow imp (D:5)
  2 worms (D:2)
  8 dart slugs (D:5)
  17 orcs
  3 endoplasms
  4 giant cockroaches
  13 hobgoblins
  6 kobolds
  7 quokkas
  5 ball pythons
  7 bats
  7 frilled lizards
  10 goblins
  4 rats
  A spectral orc (D:4)
115 creatures vanquished.

Notes
Turn   | Place    | Note
-------+----------+-------------------------------------------
     0 | D:1      | runemasterragnar the Octopode Fighter began the quest for
                  | the Orb.
     0 | D:1      | Reached XP level 1. HP: 16/16 MP: 1/1
   408 | D:1      | Reached XP level 2. HP: 19/21 MP: 2/2
   858 | D:1      | Reached skill level 1 in Stealth
  1171 | D:2      | Found a faded altar of an unknown god.
  1278 | D:2      | Found Onire's Distillery.
  1307 | D:2      | Reached XP level 3. HP: 26/26 MP: 3/3
  2279 | D:3      | Reached XP level 4. HP: 25/31 MP: 4/4
  2450 | D:3      | Reached skill level 1 in Unarmed Combat
  2770 | D:3      | Found a radiant altar of Vehumet.
  2770 | D:3      | Noticed a frost-covered statue
  2930 | D:3      | Reached XP level 5. HP: 7/36 MP: 5/5
  3574 | D:3      | Gained mutation: You have a beak for a mouth. [potion of
                  | mutation]
  3701 | D:4      | Noticed Robin
  3713 | D:4      | Killed Robin
  4011 | D:4      | Found a staircase to the Ecumenical Temple.
  4174 | D:4      | Found a hazy altar of Hepliaklqana.
  4317 | D:4      | Noticed Natasha
  4325 | D:4      | Killed Natasha
  4574 | D:4      | Noticed Natasha
  4582 | D:4      | Killed Natasha
  4583 | D:4      | Reached XP level 6. HP: 12/43 MP: 6/6
  4593 | Temple   | Entered the Ecumenical Temple
  5118 | D:5      | Entered Level 5 of the Dungeon
  5393 | D:5      | Noticed an ice beast
  5404 | D:5      | Killed an ice beast
  5424 | D:5      | Reached XP level 7. HP: 26/48 MP: 7/7
  6570 | D:5      | HP: 1/48 [gnoll/+0 spear (9)]
  6571 | D:5      | Slain by a gnoll

Illustrated notes

Levels and vault maps discovered:
D:1:      grunt_arrival_crossed_arrows, layout_loops_corners,
          grunt_decor_resistance, corexii_hall_statues_x
D:2:      layout_basic, shapermc_ecumenical_altar_gd, serial_shops,
          nicolae_shop_behind_doors
D:3:      layout_basic, vehumet_statue, hangedman_decor_lopped, minivault_23,
          minmay_fractal_squares_gapless_5
D:4:      layout_basic, nicolae_hepliaklqana_monster_ancestors,
          minmay_temple_entry_ruins, minmay_shop_grid_forest, uniq_natasha,
          uniq_robin
D:5:      kennysheep_slugbush, layout_loops_corners, hex_tiny,
          minmay_fractal_squares_diagonal_5
Temple:   nicolae_temple_x_marks_the_god

Skill      XL: |  1  2  3  4  5  6  7 |
---------------+----------------------+-----
Stealth        | 1 2 3 4 |  4.0
Long Blades    | 3 4 |  4.7
Unarmed Combat | 1 2 |  2.6
Fighting       | 4 |  4.3
Dodging        | 4 |  4.2
Shields        | 4 |  4.1

Action                   |  1- 3 |  4- 6 |  7- 9 || total
-------------------------+-------+-------+-------++-------
Melee: Long sword        |    68 |   107 |    44 ||   219
       Constrict         |    17 |    23 |    11 ||    51
       Tentacles         |    13 |    20 |    15 ||    48
       Punch             |       |     3 |     1 ||     4
       Peck              |       |    12 |    12 ||    24
       Unarmed           |       |     2 |       ||     2
  Use: Scroll            |     1 |     5 |       ||     6
       Potion            |       |     7 |     1 ||     8
 Stab: Sleeping          |    18 |     8 |     3 ||    29
       Distracted        |       |     1 |       ||     1
Armor: Skin              |     3 |     9 |     1 ||    13
Dodge: Dodged            |    27 |    51 |    24 ||   102
Block: Buckler           |    11 |    12 |     9 ||    32

Table legend: (Time is in decaauts)
 A = Elapsed time spent in this place.
 B = Non-inter-level travel time spent in this place.
 C = Inter-level travel time spent in this place.
 D = Time resting spent in this place.
 E = Time spent auto-exploring this place.
 F = Levels seen in this place.
 G = Mean time per level.
                   A        B        C        D        E       F      G
               +--------+--------+--------+--------+--------+-----+--------+
         Total |   6635 |   6565 |     70 |    815 |   4755 |   6 | 1105.8 |
       Dungeon |   6375 |   6305 |     70 |    815 |   4506 |   5 | 1275.0 |
        Temple |    260 |    260 |      0 |      0 |    249 |   1 |  260.0 |
               +--------+--------+--------+--------+--------+-----+--------+

Top non-repeatable levels by time:
     D:3: 1645 daAuts
     D:4: 1308 daAuts
     D:2: 1146 daAuts
     D:1: 1141 daAuts
     D:5: 1133 daAuts
  Temple: 260 daAuts
